 Dungeon Sprint DCSS version 0.30.1 (webtiles) character file.

Game seed: 6005847038347313787

21689 boopmooplesden the Stickfighter (level 12, -1/113 HPs)
             Began as a Demonspawn Gladiator on July 11, 2023.
             Was a High Priest of Trog.
             Slain by Aizul (12 damage)
             ... in the Dungeon (Sprint VII: "The Pits").
             The game lasted 00:09:18 (3687 turns).

boopmooplesden the Stickfighter (DsGl)              Turns: 3687, Time: 00:09:19

Health: -1/113     AC: 21    Str: 19    XL:     12   Next: 56%
Magic:  12/12      EV: 15    Int: 10    God:    Trog [*****.]
Gold:   26         SH:  0    Dex: 15    Spells: 11/11 levels left

rFire   . . .        b - +2 lajatang (flame)
rCold   . . .        (shield currently unavailable)
rNeg    . . .        I - +0 shadow dragon scales
rPois   +            c - +0 helmet
rElec   .            (cloak unavailable)
rCorr   .            D - +0 pair of gloves
SInv    .            (no boots)
Will    ++...        (no amulet)
Stlth   ++++         r - +3 ring of evasion
HPRegen 1.38/turn    B - ring of poison resistance
MPRegen 0.26/turn

%: no teleportation
@: lethally poisoned (-1 -> -6), strong-willed (expiring), on berserk cooldown,
regenerating (expiring), slowed, very slow
A: magic regeneration, weakness stinger 3
a: Renounce Religion, Berserk, Trog's Hand, Brothers in Arms


You were in the Dungeon.
You worshipped Trog.
Trog was extremely pleased with you.
You visited 1 branch You collected 26 gold pieces.

Inventory:

Hand Weapons
 a - a +0 quarterstaff
 b - a +2 lajatang of flaming (weapon)
 l - a +2 quarterstaff
 p - a +1 quarterstaff of protection
 q - a +5 lajatang
 v - a +4 quarterstaff of speed
 w - the +9 quarterstaff of Chaos {heavy, rC++ rCorr Dex-4 Stlth+}
   (Trog gifted it to you in the Dungeon)

   Dex:       It affects your dexterity (-4).
   rC:        It greatly protects you from cold.
   rCorr:     It protects you from acid and corrosion.
   Stlth:     It makes you more stealthy.
 H - the +2 quarterstaff of Zeaddeh {heavy, rPois rC+}
   (Trog gifted it to you in the Dungeon)

   rC:        It protects you from cold.
   rPois:     It protects you from poison.
Missiles
 d - 3 throwing nets (quivered)
 e - a javelin
Armour
 c - a +0 helmet (worn)
 u - a +4 chain mail
 D - a +0 pair of gloves (worn)
 I - +0 shadow dragon scales (worn)
Jewellery
 r - a +3 ring of evasion (left hand)
 s - a +3 ring of strength
 B - a ring of poison resistance (right hand)
Wands
 E - a wand of acid (4)
 F - a wand of polymorph (6)
 G - a wand of flame (10)
Scrolls
 k - 2 scrolls of blinking
 n - 5 scrolls of amnesia
 o - 2 scrolls of butterflies
 x - 2 scrolls of fear
 y - 3 scrolls of identify
 z - 2 scrolls of fog
Potions
 f - 7 potions of curing
 g - 6 potions of heal wounds
 h - 2 potions of haste
 i - 4 potions of magic
 j - 9 potions of berserk rage
 m - 2 potions of invisibility
 t - a potion of resistance
 A - a potion of might
 C - 2 potions of flight


   Skills:
 + Level 16.6 Fighting
 + Level 19.0 Staves
 + Level 3.2 Throwing
 + Level 15.0 Armour
 + Level 10.4 Dodging
 + Level 5.0 Stealth


You had 11 spell levels left.
You didn't know any spells.
Your spell library was empty.

Dungeon Overview and Level Annotations

Branches:
Dungeon (1/1)

Altars:
Cheibriados
Dithmenos
Fedhas
Gozag
Hepliaklqana
Makhleb
Nemelex Xobeh
Okawaru
Qazlal
Ru
Sif Muna
Trog
Vehumet
Wu Jian
Xom
Yredelemnul
Jiyva
Lugonu

Annotations:
D Aizul, Frederick


Innate Abilities, Weirdness & Mutations

You regenerate magic rapidly.
You have a sharp stinger which inflicts weakening toxins.


Message History

The centaur warrior kicks you but does no damage.
The centaur warrior hits you but does no damage.
The centaur warrior kicks you but does no damage.
Your Staves skill increases to level 19!
The centaur warrior blocks your attack.
The centaur warrior is severely wounded.
You feel very sick.
Aizul coils herself and waves her upper body at you.
The poison arrow hits you!
You are more poisoned.
You partially resist.
* * * LOW HITPOINT WARNING * * *
The centaur warrior closely misses you.
The centaur warrior completely misses you.
Aizul hits you but does no damage.
You feel much better.
You feel extremely sick.
The centaur warrior hits you but does no damage.
The centaur warrior kicks you but does no damage.
Aizul hits you.
* * * LOW HITPOINT WARNING * * *
Frederick hits you but does no damage. The centaur warrior hits you.
* * * LOW HITPOINT WARNING * * *
The centaur warrior kicks you but does no damage.
Aizul hits you!
* * * LOW HITPOINT WARNING * * *
Frederick closely misses you.
The centaur warrior unwields a +0 shortbow.
The centaur warrior wields the staff of death "Puel" {rPois rF- rN+ Int+4 Stlth+}.
The centaur warrior hits you but does no damage.
The centaur warrior kicks you but does no damage.
The centaur warrior barely misses you.
The centaur warrior kicks you but does no damage.
You slice the centaur warrior!! You burn the centaur warrior!
You kill the centaur warrior!
Trog accepts your kill.
You feel the effects of Trog's Hand fading.
You feel very sick. Aizul hits you!
You die...

......))3..''..........#
######@##SK##..#....#..# #.#
#cs##..........+ #S#
#@T##..........+ #K#
#..####''####''# #3#
#..####''####''# #y#
#..##...)..##...
#########3.##.#'##.##..)
.......@S@.##.#))'.##..#
.......)c..##.+).#.##..#
++###########.#..'.##..#
#########++###########.+.:#.##..#
................##..##.##+#.##..#
......#..#......##..##......##..#
................''..##########..#
................''..##########).#
......#..#......##...)........รท.#


You could see Frederick, Aizul, a centaur warrior and a sun demon.

Vanquished Creatures
  A shadow dragon (D)
  Kirke (D)
  A vampire knight (D)
  An ettin (D)
  An anaconda (D)
  A two-headed ogre (D)
  A centaur warrior (D)
  3 death yaks (D)
  A deep elf zephyrmancer (D)
  A deep elf pyromancer (D)
  A necromancer (D)
  A manticore (D)
  A gargoyle (D)
  An elephant (D)
  A rust devil (D)
  An orange demon (D)
  An unseen horror (D)
  2 rime drakes (D)
  A smoke demon (D)
  A cane toad (D)
  A komodo dragon (D)
  A guardian mummy (D)
  A freezing wraith (D)
  A tyrant leech (D)
  A troll (D)
  9 blink frogs (D)
  2 spriggans (D)
  2 wyverns (D)
  A hog (D)
  A chaos spawn (D)
  A basilisk (D)
  A steam dragon (D)
  2 redbacks (D)
  4 vampire mosquitoes (D)
  A warg (D)
  A large abomination (D)
  A floating eye (D)
  An orc warrior (D)
  9 wolves (D)
  A kobold brigand (D)
  A gnoll sergeant (D)
  A scorpion (D)
  A crimson imp (D)
  2 orc priests (D)
  An iguana (D)
  A jelly (D)
  2 orc wizards (D)
  A mummy (D)
  2 river rats (D)
  5 gnolls (D)
  An ufetubus (D)
  An adder skeleton (D)
  A worm (D)
  2 orcs (D)
  A giant cockroach (D)
  2 goblins (D)
  A hobgoblin (D)
  2 jackals (D)
  A bat (D)
  A bat simulacrum (D)
  A giant cockroach zombie (D)
  2 kobolds (D)
  A quokka skeleton (D)
  A quokka zombie (D)
100 creatures vanquished.

Vanquished Creatures (collateral kills)
  An emperor scorpion (D)
  A vampire knight (D)
  An ice dragon (D)
  A bog body (D)
  A deep elf zephyrmancer (D)
  A deep elf pyromancer (D)
  A smoke demon (D)
  A cane toad (D)
  A hornet (D)
  A chaos spawn (D)
  A hog (D)
  A vampire mosquito (D)
  A wolf (D)
  An orc priest (D)
  A jelly (D)
  A worm (D)
  An orc (D)
17 creatures vanquished.

Vanquished Creatures (others)
  A giant cockroach simulacrum (D)
1 creature vanquished.

Grand Total: 118 creatures vanquished

Notes
Turn   | Place    | Note
-------+----------+-------------------------------------------
     0 | D        | boopmooplesden the Demonspawn Gladiator began the quest for
                  | the Orb.
     0 | D        | Reached XP level 1. HP: 16/16 MP: 1/1
    14 | D        | Reached skill level 3 in Staves
    41 | D        | Found a basalt altar of Yredelemnul.
    41 | D        | Found a shimmering altar of Xom.
    41 | D        | Found an ornate altar of the Wu Jian Council.
    41 | D        | Found a bloodstained altar of Trog.
    41 | D        | Found a shimmering blue altar of Sif Muna.
    41 | D        | Found a sacrificial altar of Ru.
    41 | D        | Found a stormy altar of Qazlal.
    41 | D        | Found an iron altar of Okawaru.
    41 | D        | Found a sparkling altar of Nemelex Xobeh.
    41 | D        | Found a burning altar of Makhleb.
    41 | D        | Found a viscous altar of Jiyva.
    41 | D        | Found a hazy altar of Hepliaklqana.
    41 | D        | Found an opulent altar of Gozag.
    41 | D        | Found a blossoming altar of Fedhas.
    41 | D        | Found a shadowy altar of Dithmenos.
    41 | D        | Found a snail-covered altar of Cheibriados.
    43 | D        | Found a corrupted altar of Lugonu.
    43 | D        | Found a radiant altar of Vehumet.
    44 | D        | Became a worshipper of Trog the Wrathful
    69 | D        | Reached * piety under Trog
    70 | D        | Gained mutation: You have a small tail. [demonic ancestry]
    70 | D        | Reached XP level 2. HP: 9/23 MP: 2/2
    72 | D        | HP: 1/23 [ufetubus (4)]
    74 | D        | Reached skill level 4 in Staves
   267 | D        | Noticed a floating eye
   267 | D        | Noticed a scorpion
   272 | D        | Killed a floating eye
   273 | D        | Reached skill level 6 in Staves
   273 | D        | Reached skill level 5 in Dodging
   273 | D        | Reached XP level 3. HP: 30/30 MP: 3/3
   273 | D        | Reached XP level 4. HP: 37/37 MP: 4/4
   279 | D        | Killed a scorpion
   279 | D        | Reached ** piety under Trog
   280 | D        | Reached XP level 5. HP: 42/42 MP: 5/5
   281 | D        | Reached skill level 7 in Staves
   357 | D        | Reached *** piety under Trog
   364 | D        | Reached skill level 5 in Fighting
   365 | D        | Reached **** piety under Trog
   366 | D        | Gained mutation: You regenerate magic rapidly. [demonic
                  | ancestry]
   366 | D        | Reached XP level 6. HP: 18/51 MP: 6/6
   497 | D        | Noticed a warg
   501 | D        | Killed a warg
   502 | D        | Reached skill level 8 in Staves
   504 | D        | Noticed a guardian mummy
   510 | D        | Killed a guardian mummy
   511 | D        | Reached skill level 9 in Staves
   511 | D        | Reached skill level 5 in Armour
   511 | D        | Reached skill level 1 in Stealth
   511 | D        | Reached XP level 7. HP: 59/59 MP: 7/7
   559 | D        | Reached ***** piety under Trog
   560 | D        | Reached skill level 10 in Staves
   860 | D        | Noticed a bog body
   868 | D        | Killed a bog body
   869 | D        | Reached skill level 11 in Staves
   869 | D        | Gained mutation: You have a tail ending in a sharp stinger.
                  | [demonic ancestry]
   869 | D        | Reached XP level 8. HP: 64/68 MP: 8/8
  1024 | D        | Noticed a rime drake
  1031 | D        | Killed a rime drake
  1031 | D        | Reached ****** piety under Trog
  1032 | D        | Reached skill level 12 in Staves
  1069 | D        | Noticed a cane toad
  1069 | D        | Noticed a troll
  1073 | D        | Killed a cane toad
  1074 | D        | Reached XP level 9. HP: 62/75 MP: 9/9
  1080 | D        | Killed a troll
  1081 | D        | Reached skill level 13 in Staves
  1193 | D        | Noticed an orange demon
  1207 | D        | Killed an orange demon
  1207 | D        | Received a gift from Trog
  1328 | D        | Reached skill level 14 in Staves
  1398 | D        | Killed an unseen horror
  1399 | D        | Reached skill level 10 in Fighting
  1615 | D        | Noticed a necromancer
  1617 | D        | Noticed a two-headed ogre
  1619 | D        | Received a gift from Trog
  1625 | D        | Noticed a deep elf zephyrmancer
  1627 | D        | Noticed a deep elf pyromancer
  1630 | D        | Killed a two-headed ogre
  1631 | D        | Reached XP level 10. HP: 86/86 MP: 10/10
  1645 | D        | Killed a necromancer
  1646 | D        | Reached skill level 15 in Staves
  1667 | D        | Received a gift from Trog
  1687 | D        | Killed a deep elf zephyrmancer
  1688 | D        | Reached skill level 10 in Armour
  1690 | D        | Noticed a manticore
  1692 | D        | Received a gift from Trog
  1692 | D        | Killed a deep elf pyromancer
  1703 | D        | Killed a manticore
  1704 | D        | Reached skill level 16 in Staves
  1707 | D        | HP: 2/89 [blink frog (8)]
  1726 | D        | Noticed a smoke demon
  1730 | D        | Killed a smoke demon
  1730 | D        | Received a gift from Trog
  1731 | D        | Reached XP level 11. HP: 55/95 MP: 11/11
  2003 | D        | Noticed a deep elf pyromancer
  2014 | D        | Killed a deep elf pyromancer
  2023 | D        | Noticed a death yak
  2024 | D        | Noticed a deep elf zephyrmancer
  2028 | D        | Noticed Kirke
  2037 | D        | Identified the +9 quarterstaff of Chaos {heavy, rC++ rCorr
                  | Dex-4 Stlth+} (Trog gifted it to you in the Dungeon)
  2037 | D        | Received a gift from Trog
  2050 | D        | Killed a death yak
  2053 | D        | Reached skill level 17 in Staves
  2060 | D        | Killed Kirke
  2076 | D        | Killed a deep elf zephyrmancer
  2076 | D        | Received a gift from Trog
  2388 | D        | Noticed a death yak
  2401 | D        | Killed a death yak
  2523 | D        | Reached skill level 10 in Dodging
  2786 | D        | Received a gift from Trog
  2806 | D        | Noticed an emperor scorpion
  2816 | D        | Killed an emperor scorpion
  3020 | D        | Reached skill level 18 in Staves
  3021 | D        | Received a gift from Trog
  3036 | D        | Gained mutation: You have a sharp stinger which inflicts
                  | weakening toxins. [demonic ancestry]
  3036 | D        | Reached XP level 12. HP: 79/108 MP: 12/12
  3044 | D        | Reached skill level 15 in Fighting
  3207 | D        | Noticed an anaconda
  3207 | D        | Noticed an ettin
  3207 | D        | Noticed an ice dragon
  3207 | D        | Noticed a shadow dragon
  3208 | D        | Noticed a death yak
  3212 | D        | Killed an anaconda
  3216 | D        | Killed an ettin
  3227 | D        | Killed a shadow dragon
  3227 | D        | Killed an ice dragon
  3228 | D        | Identified the +2 quarterstaff of Zeaddeh {heavy, rPois
                  | rC+} (Trog gifted it to you in the Dungeon)
  3228 | D        | Received a gift from Trog
  3234 | D        | Killed a death yak
  3655 | D        | Noticed Frederick
  3655 | D        | Noticed a vampire knight
  3655 | D        | Noticed a vampire knight
  3656 | D        | Noticed Aizul
  3663 | D        | Killed a vampire knight
  3664 | D        | Reached skill level 5 in Stealth
  3666 | D        | Killed a vampire knight
  3666 | D        | Received a gift from Trog
  3667 | D        | Reached skill level 15 in Armour
  3671 | D        | Identified the amulet of Joocol {Reflect rF+++ Dex-3 SH+5}
  3671 | D        | Noticed a centaur warrior
  3673 | D        | Identified the staff of death "Puel" {rPois rF- rN+ Int+4
                  | Stlth+}
  3673 | D        | Noticed a centaur warrior
  3677 | D        | HP: 5/113 [centaur warrior/arrow (11)]
  3685 | D        | Reached skill level 19 in Staves
  3687 | D        | Killed a centaur warrior
  3687 | D        | Slain by Aizul

Illustrated notes

Levels and vault maps discovered:
D:        pitsprint [storerooms_1, entrance_room_1, metal_vault_6, armoury_2,
          mini_pit_1, grid_room_1, main_hall_1, silver_pit, the_coven_3,
          the_vestibule_1, steel_vault_2, golden_pit, hallway_of_sentries,
          crystal_vault_5, iron_vault_2, final_vault]

Skill      XL: |  1  2  3  4  5  6  7  8  9 10 11 12 |
---------------+-------------------------------------+-----
Staves         | 3 6 7 9 11 12 14 16 18 19 | 19.0
Dodging        | 3 5 6 7 8 9 10 | 10.4
Throwing       | 2 3 |  3.2
Fighting       | 3 4 5 6 7 8 10 12 14 16 | 16.6
Armour         | 2 3 5 6 7 9 11 13 15 | 15.0
Stealth        | 1 2 3 4 5 |  5.0

Action                     |  1- 3 |  4- 6 |  7- 9 | 10-12 || total
---------------------------+-------+-------+-------+-------++-------
  Melee: Quarterstaff      |    24 |    32 |   110 |    37 ||   203
         Tailslap          |     2 |     2 |    21 |    37 ||    62
         Lajatang          |       |       |       |   191 ||   191
 Invoke: Berserk           |     1 |     2 |     5 |     6 ||    14
         Brothers in Arms  |       |       |     2 |     7 ||     9
         Trog's Hand       |       |       |       |     3 ||     3
    Use: Potion            |       |       |       |     8 ||     8
   Stab: Distracted        |       |       |     1 |       ||     1
 Armour: Leather armour    |    10 |       |       |       ||    10
         Chain mail        |       |     7 |    48 |    88 ||   143
         Shadow dragon sca |       |       |       |    21 ||    21
  Dodge: Dodged            |    11 |    11 |    53 |   184 ||   259
